 Dungeon Crawl Stone Soup version 0.31.0-12-g77e489cdc1 (webtiles) character file.

Game seed: 6383867695953165551

45 cdecastro the Changeling (level 3, -2/28 HPs)
             Began as a Draconian Shapeshifter on Mar 4, 2024.
             Slain by Sigmund
             ... wielding a +4 scythe of freezing
              (4 damage)
             ... on level 2 of the Dungeon.
             The game lasted 00:01:21 (315 turns).

cdecastro the Changeling (Draconian Shapeshifter)    Turns: 315, Time: 00:01:21

Health: -2/28      AC:  5    Str: 16    XL:     3   Next: 42%
Magic:  3/3        EV: 12    Int: 10    God:
Gold:   1          SH:  0    Dex: 12    Spells: 2/2 levels left

rFire   . .          .
                       - Unarmed
rCold   . . .        (no shield)
rNeg    . . .        (body armour unavailable)
rPois   .            (helmet currently unavailable)
rElec   .            (cloak currently unavailable)
rCorr   .            (gloves currently unavailable)
SInv    .            (boots currently unavailable)
Will    .....        (no amulet)
Stlth   +            (no ring)
HPRegen 0.24/turn    (no ring)
MPRegen 0.08/turn

%: no passive effects
@: beast-form
A: beast (slay +2), AC +5, unfitting armour, cold-blooded
a: Begin Untransformation


You were on level 2 of the Dungeon.
You were a hulking beast.
You visited 1 branch of the dungeon, and saw 2 of its levels.

You collected 1 gold pieces.

Inventory:

Talismans
 b - a beast talisman
 c - a flux talisman
Wands
 a - a wand of flame (9)
Scrolls
 e - 2 scrolls of identify {unknown}
Potions
 d - a potion of haste {unknown}


   Skills:
 - Level 1.1 Fighting
 - Level 1.7 Dodging
 + Level 3.5 Unarmed Combat
 * Level 3.9 Shapeshifting


You had 2 spell levels left.
You didn't know any spells.
Your spell library was empty.

Dungeon Overview and Level Annotations

Branches:
Dungeon (1/15)

Altars:

Annotations:
D:2 Sigmund


Innate Abilities, Weirdness & Mutations

You are a hulking beast.
Your limbs bulge with bestial killing power. (Slay +2)
Your plain brown scales are hard. (AC +5)
You cannot fit into any form of body armour.
You are cold-blooded and may be slowed by cold attacks.


Message History

You feel less confused.
A bat comes into view.
Sigmund screams, "You will never...
NEVER!!!"
Okay, then.
Unknown command.
Sigmund hits you but does no damage.
You hit Sigmund.
Sigmund is lightly wounded.
You barely miss Sigmund.
Sigmund is lightly wounded.
Sigmund hits you with a +4 scythe of freezing.
Sigmund freezes you.
You closely miss Sigmund.
Sigmund is lightly wounded.
You closely miss Sigmund.
Sigmund is lightly wounded.
Sigmund hits you with a +4 scythe of freezing.
You feel yourself slow down. Sigmund freezes you.
You hit Sigmund.
Sigmund is moderately wounded.
Sigmund hits you with a +4 scythe of freezing!
* * * LOW HITPOINT WARNING * * *
You feel as though you will be slow longer.
Sigmund freezes you.
* * * LOW HITPOINT WARNING * * *
You barely miss Sigmund.
Sigmund is moderately wounded.
Sigmund hits you with a +4 scythe of freezing!
* * * LOW HITPOINT WARNING * * *
Sigmund freezes you.
* * * LOW HITPOINT WARNING * * *
You completely miss Sigmund.
Sigmund is moderately wounded.
Sigmund barely misses you.
You barely miss Sigmund.
Sigmund is moderately wounded.
You feel yourself speed up.
Sigmund hits you with a +4 scythe of freezing.
You die...
Sigmund begins carving another notch in his scythe.

#.####.#†.~~~≈~..
#.##.~###~..
#.##.≈≈≈≈~#.
#.##.~≈#≈≈#
#.##.~≈# ≈#
#..##≈≈# # ##.#
≈≈≈ #.# ≈### #h#
≈≈ #@# ## #)# #.#
#.# ##.######.#
......!...#
##..J....$......
#######..######


You could see Sigmund.

Vanquished Creatures
  Terence (D:2)
  4 bats
  2 endoplasms (D:2)
  A goblin (D:2)
  2 hobgoblins (D:2)
  3 quokkas (D:2)
  A ball python (D:1)
  2 kobolds (D:2)
  2 rats (D:2)
18 creatures vanquished.

Notes
Turn   | Place    | Note
-------+----------+-------------------------------------------
     0 | D:1      | cdecastro the Draconian Shapeshifter began the quest for
                  | the Orb.
     0 | D:1      | Reached XP level 1. HP: 16/16 MP: 1/1
    58 | D:1      | You fall into a shaft and drop 1 floor!
    85 | D:2      | Noticed Terence
   130 | D:2      | Killed Terence
   131 | D:2      | Reached XP level 2. HP: 11/23 MP: 2/2
   131 | D:2      | Reached XP level 3. HP: 13/28 MP: 3/3
   299 | D:2      | Noticed Sigmund
   313 | D:2      | HP: 1/28 [Sigmund/+4 scythe of freezing (3)]
   315 | D:2      | Slain by Sigmund

Illustrated notes

Levels and vault maps discovered:
D:1:      dpeg_arrival_windows_large_door, layout_basic, minmay_tiny_reverse_x
D:2:      layout_loops_ring, ebering_ecumenical_altar_petrified,
          minmay_crystal_water, minmay_tromino_v4_a, uniq_sigmund, uniq_terence

Action                     || total
---------------------------++-------
  Melee: Unarmed           ||    48
    Use: Potion            ||     1
 Armour: Skin              ||    48
  Dodge: Dodged            ||    22
